 Dungeon Crawl Stone Soup version 0.25.1-2-g60ff931df9 (webtiles) character file.

Game seed: 10214028261577502125

4403 gruber the Destroyer (level 10, -3/68 HPs)
             Began as an Octopode Conjurer on Sept 14, 2020.
             Was a Believer of Vehumet.
             Slain by a hippogriff (5 damage)
             ... on level 9 of the Dungeon.
             The game lasted 00:12:24 (9144 turns).

gruber the Destroyer (Octopode Conjurer)            Turns: 9144, Time: 00:12:25

Health: -3/68      AC:  1    Str:  8    XL:     10   Next: 35%
Magic:  6/22       EV: 18    Int: 25    God:    Vehumet [**....]
Gold:   196        SH:  6    Dex: 21    Spells: 10/13 levels left

rFire    . . .     SeeInvis .   J - +2 short sword (vamp)
rCold    + + +     Gourm    .   H - +0 buckler
rNeg     . . .     Faith    .   (helmet restricted)
rPois    +         Spirit   .   (no amulet)
rElec    .         Reflect  .   e - ring of magical power
rCorr    +         Harm     .   j - ring of protection from cold
MR       ++...                  k - ring of resist corrosion
Stlth    ++++......             m - ring of poison resistance
HPRegen  0.21/turn              o - ring of wizardry
MPRegen  0.18/turn              w - ring of protection from cold
                                D - ring of Greed {rPois rC+ Int+4 Dex+4}
                                C - ring of Secrets {rC+ MR++ Dex+5}

@: flying
A: almost no armour, stealthy swim, amphibious, 8 rings, constrict 8, camouflage
1, gelatinous body 1
a: Renounce Religion


You were on level 9 of the Dungeon.
You worshipped Vehumet.
Vehumet was pleased with you.
You were hungry.

You visited 2 branches of the dungeon, and saw 10 of its levels.

You collected 341 gold pieces.
You spent 145 gold pieces at shops.

Inventory:

Hand Weapons
 J - a +2 vampiric short sword (weapon)
 L - a +3 short sword of freezing
Missiles
 g - 2 throwing nets (quivered)
Armour
 H - a +0 buckler (worn)
Jewellery
 e - a ring of magical power (left tentacle)
 j - a ring of protection from cold (right tentacle)
 k - a ring of resist corrosion (on tentacle)
 m - a ring of poison resistance (on tentacle)
 o - a ring of wizardry (on tentacle)
 w - a ring of protection from cold (on tentacle)
 C - the ring of Secrets (on tentacle) {rC+ MR++ Dex+5}
   (You bought it in a shop on level 4 of the Dungeon)

   [ring of protection from cold]

   It affects your dexterity (+5).
   It protects you from cold.
   It affects your resistance to hostile enchantments.
 D - the ring of Greed (on tentacle) {rPois rC+ Int+4 Dex+4}
   (You found it on level 5 of the Dungeon)

   [ring of poison resistance]

   It affects your intelligence (+4).
   It affects your dexterity (+4).
   It protects you from cold.
   It protects you from poison.
 E - an uncursed ring of flight {unknown}
 G - a cursed ring of attention {unknown}
Wands
 I - a wand of random effects (10)
Scrolls
 a - 5 scrolls of identify {unknown}
 h - 3 scrolls of immolation
 i - 4 scrolls of amnesia {unknown}
 l - 3 scrolls of teleportation
 p - 2 scrolls of noise {unknown}
 r - 2 scrolls of enchant weapon {unknown}
 t - 6 scrolls of remove curse
 x - 3 scrolls of enchant armour {unknown}
 y - 4 scrolls of magic mapping {unknown}
 A - a scroll of fog {unknown}
Potions
 c - 3 potions of heal wounds {unknown}
 d - 3 potions of curing {unknown}
 f - 2 potions of resistance {unknown}
 n - 2 potions of might {unknown}
 q - a potion of magic {unknown}
 s - 2 potions of flight
 u - a potion of invisibility {unknown}
 v - 3 potions of lignification {unknown}
 z - a potion of ambrosia {unknown}
 B - a potion of degeneration {unknown}
 F - a potion of cancellation {unknown}
Comestibles
 b - 8 rations
 K - 4 chunks of flesh


   Skills:
 * Level 5.7 Fighting
 - Level 6.0 Dodging
 - Level 2.6 Stealth
 - Level 6.0 Shields
 - Level 2.0 Spellcasting
 - Level 11.1 Conjurations
 - Level 1.7 Evocations


You had 10 spell levels left.
You knew the following spells:

 Your Spells              Type           Power        Failure   Level  Hunger
a - Magic Dart            Conj           ####         1%          1    None
b - Searing Ray           Conj           ######       1%          2    ##.....

Your spell library contained the following spells:

 Spells                   Type           Power        Failure   Level  Hunger
 Foxfire                  Conj/Fire      ####         1%          1    None
 Dazzling Flash           Conj/Hex       ####..       1%          3    ###....
 Apportation              Tloc           #.....       4%          1    None
 Summon Butterflies       Summ           #.......     4%          1    None
 Fulminant Prism          Conj/Hex       ####......   4%          4    ####...
 Iskenderun's Mystic Bla  Conj/Tloc      ####....     4%          4    ####...
 Lesser Beckoning         Tloc           #.........   13%         3    ###....
 Tukima's Dance           Hex            #.......     13%         3    ###....
 Alistair's Intoxication  Tmut/Pois      #.......     73%         5    ######.
 Invisibility             Hex            #.......     99%         6    #######


Dungeon Overview and Level Annotations

Branches:
Dungeon (9/15)             Temple (1/1) D:5
   Lair: D:8-11         Orc: D:9-12

Altars:
Ashenzari
Cheibriados
Dithmenos
Elyvilon
Fedhas
Gozag
Hepliaklqana
Kikubaaqudgha
Makhleb
Nemelex Xobeh
Okawaru
Qazlal
Ru
Sif Muna
Trog
Uskayaw
Vehumet
Wu Jian
Xom
Zin
The Shining One

Shops:
D:4 *[   D:6 (

Annotations:
D:2 1 runed translucent door
D:4 Eustachio


Innate Abilities, Weirdness & Mutations

You cannot wear most types of armour.
You are very stealthy in the water. (Stealth+)
You are amphibious.
You can wear up to eight rings at the same time.
You can use your tentacles to constrict eight enemies at once.
Your skin changes colour to match your surroundings (Stealth+).
Your rubbery body absorbs attacks. (AC +1, EV +1)


Message History

The wyvern zombie is almost destroyed. (Press . to maintain the ray.)
You are feeling hungry.
The wyvern zombie bites you. The hippogriff bites you.
* * * LOW HITPOINT WARNING * * *
You block the hippogriff's attack. The hippogriff barely misses you.
Unknown command.
The searing ray hits the wyvern zombie!
You destroy the wyvern zombie!
Vehumet accepts your kill. The hippogriff bites you!
* * * LOW HITPOINT WARNING * * *
The hippogriff closely misses you. The hippogriff claws you.
* * * LOW HITPOINT WARNING * * *
Unknown command.
Unknown command.
It was a potion of flight.
You feel very buoyant.
You fly up into the air.
The hippogriff bites you.
You die...

.#######. ..#.#.#..
#........ ... ....P.
#......# ......P.
###......# .......
.(.....).####.....
....#.........#..####
#..!..@H....#.....
..#....?.........#
........<.#...<.#
..........##....#
.....#..###......#
......... #.......#
......... #.......#
#.........#.###...#
.......[.... #..#


You could see a hippogriff.

Vanquished Creatures
  Pikel (D:3)
  Grinder (D:4)
  A hippogriff (D:8)
  A basilisk (D:9)
  A yak (D:9)
  A hungry ghost (D:8)
  A sky beast (D:7)
  2 slaves (D:4)
  2 ice beasts
  2 orc warriors (D:7)
  A necrophage (D:6)
  2 ogres
  2 phantoms
  4 centaurs
  A big kobold (D:7)
  3 bullfrogs
  A wyvern zombie (D:9)
  3 scorpions
  5 wights (D:7)
  4 killer bees (D:8)
  A bullfrog zombie (D:8)
  A centaur zombie (D:7)
  A crimson imp (D:7)
  3 hounds
  A quasit (D:7)
  2 bullfrog skeletons
  2 centaur skeletons
  4 orc priests
  A jelly (D:7)
  5 orc wizards
  Terence (D:2)
  7 worker ants
  A hound skeleton (D:6)
  A howler monkey zombie (D:8)
  Robin (D:3)
  A howler monkey skeleton (D:4)
  13 adders
  2 shadow imps
  2 adder skeletons
  2 worms
  10 leopard geckos
  30 orcs
  A ball python (D:5)
  7 giant cockroaches
  13 goblins
  9 hobgoblins
  3 jackals (D:2)
  3 quokkas
  2 bats
  6 frilled lizards
  A jackal skeleton (D:4)
  A jackal zombie (D:6)
  8 kobolds
  A leopard gecko skeleton (D:5)
  8 rats
194 creatures vanquished.

Vanquished Creatures (others)
  A slave (D:4)
1 creature vanquished.

Grand Total: 195 creatures vanquished

Notes
Turn   | Place    | Note
-------+----------+-------------------------------------------
     0 | D:1      | gruber the Octopode Conjurer began the quest for the Orb.
     0 | D:1      | Reached XP level 1. HP: 11/11 MP: 3/3
     9 | D:1      | Noticed a bullfrog
   239 | D:1      | Reached XP level 2. HP: 17/17 MP: 5/5
   641 | D:2      | Noticed Terence
   648 | D:2      | Learned a level 2 spell: Searing Ray
   655 | D:2      | Killed Terence
   655 | D:2      | Reached skill level 5 in Conjurations
   655 | D:2      | Reached XP level 3. HP: 21/21 MP: 6/6
   809 | D:2      | Found a white marble altar of Elyvilon.
   994 | D:2      | Found a runed translucent door.
  1093 | D:2      | Reached XP level 4. HP: 26/27 MP: 7/7
  1651 | D:3      | Noticed Robin
  1665 | D:3      | Reached skill level 6 in Conjurations
  1672 | D:3      | Killed Robin
  1688 | D:3      | Reached XP level 5. HP: 29/31 MP: 5/8
  2421 | D:4      | Noticed a slave
  2421 | D:4      | Noticed a slave
  2422 | D:4      | Noticed Pikel
  2424 | D:4      | Noticed a slave
  2425 | D:4      | Noticed a slave
  2431 | D:4      | Killed a slave
  2432 | D:4      | Killed a slave
  2480 | D:3      | HP: 1/31 [Pikel/+2 whip of freezing (2)]
  2481 | D:3      | Killed Pikel
  2481 | D:3      | Reached skill level 8 in Conjurations
  2481 | D:3      | Reached XP level 6. HP: 1/36 MP: 2/9
  2481 | D:3      | Reached XP level 7. HP: 1/41 MP: 2/10
  2790 | D:4      | Found a shimmering blue altar of Sif Muna.
  2804 | D:4      | Reached skill level 9 in Conjurations
  2832 | D:4      | Found Gigeysaz's Assorted Antiques.
  2851 | D:4      | Noticed Grinder
  2856 | D:4      | Paralysed by Grinder for 2 turns
  2858 | D:4      | Killed Grinder
  2858 | D:4      | Reached XP level 8. HP: 34/46 MP: 11/11
  3003 | D:4      | Reached skill level 10 in Conjurations
  3417 | D:4      | Found a shimmering blue altar of Sif Muna.
  3622 | D:4      | Found Lietuet's Armour Shoppe.
  3796 | D:4      | Found a shadowy altar of Dithmenos.
  3882 | D:4      | Noticed Eustachio
  3895 | D:5      | Entered Level 5 of the Dungeon
  4363 | D:5      | Found a staircase to the Ecumenical Temple.
  4385 | Temple   | Entered the Ecumenical Temple
  4459 | Temple   | Became a worshipper of Vehumet
  4598 | D:5      | Reached skill level 11 in Conjurations
  4826 | D:4      | Bought a clouded lapis lazuli ring for 145 gold pieces
  4900 | D:5      | Found a glowing golden altar of the Shining One.
  5064 | D:5      | Got a bound lead ring
  5065 | D:5      | Identified the ring of Greed {rPois rC+ Int+4 Dex+4} (You
                  | found it on level 5 of the Dungeon)
  5066 | D:5      | Identified the ring of Secrets {rC+ MR++ Dex+5} (You bought
                  | it in a shop on level 4 of the Dungeon)
  5302 | D:5      | Found a sparkling altar of Nemelex Xobeh.
  5436 | D:6      | Found a sacrificial altar of Ru.
  5496 | D:6      | Reached XP level 9. HP: 41/51 MP: 10/12
  5747 | D:6      | Found Otonuniy's Antique Weapon Shoppe.
  5760 | D:6      | Reached skill level 5 in Dodging
  5761 | D:6      | Reached * piety under Vehumet
  5761 | D:6      | Offered knowledge of Sandblast by Vehumet.
  5987 | D:6      | Found a hide-covered altar of Uskayaw.
  5990 | D:6      | Found a burning altar of Makhleb.
  5993 | D:6      | Found a glowing golden altar of the Shining One.
  6395 | D:7      | Reached skill level 1 in Shields
  6395 | D:7      | Reached skill level 1 in Evocations
  6834 | D:7      | Found a snail-covered altar of Cheibriados.
  7217 | D:7      | Found an iron altar of Okawaru.
  7217 | D:7      | Found a hazy altar of Hepliaklqana.
  7218 | D:7      | Found an opulent altar of Gozag.
  7309 | D:7      | Reached skill level 5 in Shields
  7373 | D:7      | Reached ** piety under Vehumet
  7373 | D:7      | Offered knowledge of Foxfire by Vehumet.
  7915 | D:8      | Reached skill level 1 in Fighting
  7935 | D:8      | Reached XP level 10. HP: 60/60 MP: 13/13
  8841 | D:9      | Noticed a two-headed ogre
  9128 | D:9      | Reached skill level 5 in Fighting
  9143 | D:9      | HP: 2/68 [hippogriff (6)]
  9144 | D:9      | Slain by a hippogriff

Illustrated notes

Levels and vault maps discovered:
D:1:      evilmike_arrival_come_back, layout_rooms
D:2:      layout_rooms, elyvilon_altar_5, uniq_crazy_yiuf_cottage, uniq_terence
D:3:      layout_rooms, first_ration, uniq_robin
D:4:      layout_loops_cross, lemuel_round_altar, grunt_dithmenos_shadows,
          serial_shops, nicolae_shop_crystal, shop, lemuel_tele_altar,
          uniq_eustachio, uniq_grinder, uniq_pikel
D:5:      layout_basic, kennysheep_mini_moat, minmay_temple_entry_ruins,
          nicolae_tso_swordbearing_angel
D:6:      layout_basic, grunt_temple_overflow_open, serial_shops,
          nicolae_shop_overgrown_old_shop
D:7:      layout_loops_cross, gammafunk_temple_overflow_claw, chei_slow_surprise
D:8:      layout_basic
D:9:      layout_cave_pools, lemuel_doored_altar, david_lair_generic,
          grunt_ogre_cave
Temple:   jpeg_temple_alley_garden

Skill      XL: |  1  2  3  4  5  6  7  8  9 10 |
---------------+-------------------------------+-----
Conjurations   | 5 6 8 9 11 | 11.1
Dodging        | 4 6 |  6.0
Shields        | 6 |  6.0
Evocations     | 1 |  1.7
Fighting       | 2 5 |  5.7
Stealth        | |  2.6
Spellcasting   | |  2.0

Action                   |  1- 3 |  4- 6 |  7- 9 | 10-12 || total
-------------------------+-------+-------+-------+-------++-------
Melee: Spear             |    49 |    53 |       |       ||   102
       Constrict         |    10 |    12 |    11 |       ||    33
       Tentacles         |     5 |     7 |     4 |       ||    16
       Unarmed           |     2 |       |       |       ||     2
       Whip              |       |       |    28 |       ||    28
       Short sword       |       |       |    15 |       ||    15
 Cast: Searing Ray       |     5 |    15 |    86 |    24 ||   130
       Magic Dart        |       |     2 |    13 |     5 ||    20
  Use: Scroll            |       |       |     3 |       ||     3
       Potion            |       |       |       |     1 ||     1
 Stab: Sleeping          |     6 |     4 |     2 |       ||    12
       Distracted        |       |       |     1 |       ||     1
  Eat: Chunk             |     1 |     5 |    21 |     6 ||    33
Armor: Skin              |     4 |     3 |     2 |     2 ||    11
Dodge: Dodged            |    28 |    35 |    40 |    55 ||   158
Block: Buckler           |       |       |     9 |    10 ||    19
